| TOP OF THE 1ST |
|
Washington Nationals batting - Pitching for Miami Marlins : LHP Matt Payne
|
|
Pitching: LHP Matt Payne
|
|
|
Batting: RHB Tommy Baird
|
0-0: Called Strike 0-1: Swinging Strike 0-2: Strikes out swinging
|
|
Batting: RHB Dave Vargas
|
0-0: Swinging Strike 0-1: Foul Ball, location: 2F 0-2: Ball 1-2: Strikes out looking
|
|
Batting: RHB John Sanders
|
0-0: Called Strike 0-1: Foul Ball, location: 2F 0-2: Fly out, F8 (Flyball, 89M, EV 91.9 MPH)
|
| Top of the 1st over - 0 runs, 0 hits, 0 errors, 0 left on base; Washington 0 - Miami 0 |
| BOTTOM OF THE 1ST |
|
Miami Marlins batting - Pitching for Washington Nationals : RHP Jon Glenn
|
|
Pitching: RHP Jon Glenn
|
|
|
Batting: RHB Roger Salazar
|
0-0: Called Strike 0-1: Foul Ball, location: 2F 0-2: Ball 1-2: DOUBLE (Line Drive, 7LM, EV 111.2 MPH)
|
|
Batting: RHB Bert Clark
|
0-0: Fly out, F8 (Flyball, 8LD, EV 95.0 MPH)
|
|
Batting: LHB Andre Gorter
|
0-0: Called Strike 0-1: Ball 1-1: Fly out, F9 (Line Drive, 9S, EV 92.5 MPH)
|
|
Batting: RHB Jimmy Groseclose
|
0-0: Ball 1-0: Ball 2-0: SINGLE (Line Drive, 4MD, EV 98.8 MPH) Roger Salazar to third Runner from 3rd tries for Home, throw by CF and OUT! 8-2
|
| Bottom of the 1st over - 0 runs, 2 hits, 0 errors, 1 left on base; Washington 0 - Miami 0 |
| TOP OF THE 2ND |
|
Washington Nationals batting - Pitching for Miami Marlins : LHP Matt Payne
|
|
Batting: RHB Kirk Arp
|
0-0: Called Strike 0-1: Ball 1-1: Ground out 6-3 (Groundball, 6, EV 90.6 MPH)
|
|
Batting: LHB Emmanuel Gaskin
|
0-0: Called Strike 0-1: Called Strike 0-2: Ball 1-2: Ground out 4-3 (Groundball, 4, EV 96.9 MPH)
|
|
Batting: RHB Dan Fallon
|
0-0: Swinging Strike 0-1: DOUBLE (Flyball, 8RXD, EV 103.8 MPH)
|
|
Batting: LHB Kyung-jin Cho
|
0-0: Ball 1-0: Ball 2-0: Called Strike 2-1: Called Strike 2-2: Strikes out swinging
|
| Top of the 2nd over - 0 runs, 1 hit, 0 errors, 1 left on base; Washington 0 - Miami 0 |
| BOTTOM OF THE 2ND |
|
Miami Marlins batting - Pitching for Washington Nationals : RHP Jon Glenn
|
|
Batting: RHB Matt Thompson
|
0-0: Called Strike 0-1: Ball 1-1: Ball 2-1: Ball 3-1: Base on Balls
|
|
Batting: LHB Jose Bregaro
|
0-0: Called Strike Matt Thompson steals 2nd base (no throw) 0-1: Fly out, F8 (Flyball, 89M, EV 85.0 MPH)
|
|
Batting: RHB Mike Gar
|
0-0: Ball 1-0: Called Strike 1-1: Ball 2-1: Ground out 4-3 (Groundball, 34, EV 85.0 MPH) Matt Thompson to third
|
|
Batting: RHB Alberto Cotto
|
0-0: Ball 1-0: Ball 2-0: Ball 3-0: Called Strike 3-1: Ground out 4-3 (Groundball, 34, EV 89.4 MPH)
|
| Bottom of the 2nd over - 0 runs, 0 hits, 0 errors, 1 left on base; Washington 0 - Miami 0 |
| TOP OF THE 3RD |
|
Washington Nationals batting - Pitching for Miami Marlins : LHP Matt Payne
|
|
Batting: RHB Darren McCarty Jr.
|
0-0: Called Strike 0-1: SINGLE (Line Drive, 34D, EV 105.0 MPH)
|
|
Batting: LHB Bob Melley
|
0-0: Ball Darren McCarty Jr. steals 2nd base (no throw) 1-0: Ball 2-0: Ground out 4-3 (Groundball, 4, EV 88.8 MPH) Darren McCarty Jr. to third
|
|
Batting: RHB Tommy Baird
|
0-0: Ball 1-0: Called Strike 1-1: Ball 2-1: Called Strike 2-2: Strikes out looking
|
|
Batting: RHB Dave Vargas
|
0-0: Called Strike 0-1: Swinging Strike 0-2: Strikes out looking
|
| Top of the 3rd over - 0 runs, 1 hit, 0 errors, 1 left on base; Washington 0 - Miami 0 |
| BOTTOM OF THE 3RD |
|
Miami Marlins batting - Pitching for Washington Nationals : RHP Jon Glenn
|
|
Batting: SHB Jordan Barragan
|
0-0: Called Strike 0-1: Called Strike 0-2: SOLO HOME RUN (Flyball, 7LD, EV 96.9 MPH), Distance : 351 ft
|
|
Batting: RHB Roger Salazar
|
0-0: Ball 1-0: Foul Ball, location: 2F 1-1: Ground out 4-3 (Groundball, 34, EV 91.9 MPH)
|
|
Batting: RHB Bert Clark
|
0-0: Called Strike 0-1: Foul Ball, location: 2F 0-2: Ball 1-2: Fly out, F8 (Flyball, 8RD, EV 95.6 MPH)
|
|
Batting: LHB Andre Gorter
|
0-0: Fly out, F7 (Flyball, 7D, EV 103.1 MPH)
|
| Bottom of the 3rd over - 1 run, 1 hit, 0 errors, 0 left on base; Washington 0 - Miami 1 |
| TOP OF THE 4TH |
|
Washington Nationals batting - Pitching for Miami Marlins : LHP Matt Payne
|
|
Batting: RHB John Sanders
|
0-0: Swinging Strike 0-1: Ground out 6-3 (Groundball, 6D, EV 81.2 MPH)
|
|
Batting: RHB Kirk Arp
|
0-0: Ball 1-0: Ball 2-0: Fly out, F9 (Line Drive, 9, EV 106.2 MPH)
|
|
Batting: LHB Emmanuel Gaskin
|
0-0: Swinging Strike 0-1: Ball 1-1: Ball 2-1: Ball 3-1: Foul Ball, location: 2F 3-2: Ground out 4-3 (Groundball, 4, EV 88.8 MPH)
|
| Top of the 4th over - 0 runs, 0 hits, 0 errors, 0 left on base; Washington 0 - Miami 1 |
| BOTTOM OF THE 4TH |
|
Miami Marlins batting - Pitching for Washington Nationals : RHP Jon Glenn
|
|
Batting: RHB Jimmy Groseclose
|
0-0: Called Strike 0-1: Ball 1-1: Foul Ball, location: 2F 1-2: Fly out, F7 (Flyball, 7, EV 86.9 MPH)
|
|
Batting: RHB Matt Thompson
|
0-0: Called Strike 0-1: Foul Ball, location: 2F 0-2: Strikes out swinging
|
|
Batting: LHB Jose Bregaro
|
0-0: Foul Ball, location: 2F 0-1: Foul Ball, location: 2F 0-2: Ball 1-2: Fly out, F8 (Line Drive, 8RM, EV 106.2 MPH)
|
| Bottom of the 4th over - 0 runs, 0 hits, 0 errors, 0 left on base; Washington 0 - Miami 1 |
| TOP OF THE 5TH |
|
Washington Nationals batting - Pitching for Miami Marlins : LHP Matt Payne
|
|
Batting: RHB Dan Fallon
|
0-0: Foul Ball, location: 2F 0-1: SINGLE (Groundball, 6M, EV 96.9 MPH) (infield hit)
|
|
Batting: LHB Kyung-jin Cho
|
0-0: Called Strike 0-1: Ball 1-1: Foul Ball, location: 2F 1-2: Ball 2-2: Ball 3-2: Foul Ball, location: 2F 3-2: SINGLE (Flyball, 34D, EV 81.2 MPH) Dan Fallon to second
|
|
Batting: RHB Darren McCarty Jr.
|
0-0: Swinging Strike 0-1: Foul Ball, location: 2F 0-2: Ball 1-2: Strikes out swinging
|
|
Batting: LHB Bob Melley
|
0-0: Ball Wild Pitch! Dan Fallon to third Kyung-jin Cho to second 1-0: Ground out U3 (Groundball, 3, EV 75.6 MPH)
|
|
Batting: RHB Tommy Baird
|
0-0: Called Strike 0-1: DOUBLE (Line Drive, 78D, EV 104.4 MPH) Dan Fallon scores Kyung-jin Cho scores
|
|
Batting: RHB Dave Vargas
|
0-0: Called Strike 0-1: Ball Wild Pitch! Tommy Baird to third 1-1: Foul Ball, location: 2F 1-2: SINGLE (Flyball, 9LS, EV 90.6 MPH) Tommy Baird scores
|
|
Batting: RHB John Sanders
|
0-0: Called Strike 0-1: Ball 1-1: Foul Ball, location: 2F 1-2: Foul Ball, location: 2F 1-2: 2-RUN HOME RUN (Flyball, 7D, EV 102.5 MPH), Distance : 414 ft
|
|
Pitching: RHP Pharamond Lestrange
|
|
|
Batting: RHB Kirk Arp
|
0-0: Ball 1-0: Ball 2-0: Ground out 6-3 (Groundball, 6, EV 96.2 MPH)
|
| Top of the 5th over - 5 runs, 5 hits, 0 errors, 0 left on base; Washington 5 - Miami 1 |
| BOTTOM OF THE 5TH |
|
Miami Marlins batting - Pitching for Washington Nationals : RHP Jon Glenn
|
|
Batting: RHB Mike Gar
|
0-0: Ball 1-0: Called Strike 1-1: Foul Ball, location: 2F 1-2: Foul Ball, location: 2F 1-2: Ball 2-2: Ball 3-2: Foul Ball, location: 2F 3-2: SOLO HOME RUN (Flyball, 78XD, EV 107.5 MPH), Distance : 409 ft
|
|
Batting: RHB Alberto Cotto
|
0-0: Foul Ball, location: 2F 0-1: SOLO HOME RUN (Line Drive, 9D, EV 106.2 MPH), Distance : 393 ft
|
|
Batting: SHB Jordan Barragan
|
0-0: Ball 1-0: Swinging Strike 1-1: Foul Ball, location: 2F 1-2: Strikes out looking
|
|
Batting: RHB Roger Salazar
|
0-0: Ball 1-0: Ball 2-0: Ground out 3-1 (Groundball, 34, EV 100.0 MPH)
|
|
Batting: RHB Bert Clark
|
0-0: Ball 1-0: SINGLE (Groundball, 6MD, EV 98.1 MPH)
|
|
Batting: LHB Andre Gorter
|
0-0: Ball Bert Clark steals 2nd base 1-0: Ball 2-0: Called Strike 2-1: Swinging Strike 2-2: SINGLE (Groundball, 34S, EV 75.0 MPH) (infield hit) Bert Clark to third
|
|
Batting: RHB Jimmy Groseclose
|
0-0: Ball 1-0: 3-RUN HOME RUN (Flyball, 89XD, EV 108.1 MPH), Distance : 432 ft
|
|
Pitching: RHP Seth Bowersox
|
|
|
Batting: RHB Matt Thompson
|
0-0: Ball 1-0: SINGLE (Groundball, 6MS, EV 69.4 MPH) (infield hit)
|
|
Batting: LHB Jose Bregaro
|
0-0: Called Strike Matt Thompson steals 2nd base 0-1: Ball 1-1: Ball 2-1: Swinging Strike 2-2: Ball 3-2: Strikes out looking
|
| Bottom of the 5th over - 5 runs, 6 hits, 0 errors, 1 left on base; Washington 5 - Miami 6 |
| TOP OF THE 6TH |
|
Washington Nationals batting - Pitching for Miami Marlins : RHP Pharamond Lestrange
|
|
Batting: LHB Emmanuel Gaskin
|
0-0: Ground out 1-3 (Groundball, 13S, EV 63.8 MPH)
|
|
Batting: RHB Dan Fallon
|
0-0: Foul Ball, location: 2F 0-1: Ball 1-1: Called Strike 1-2: Ground out 6-3 (Groundball, 56, EV 82.5 MPH)
|
|
Batting: LHB Kyung-jin Cho
|
0-0: Called Strike 0-1: Ball 1-1: Called Strike 1-2: Ball 2-2: Strikes out swinging
|
| Top of the 6th over - 0 runs, 0 hits, 0 errors, 0 left on base; Washington 5 - Miami 6 |
| BOTTOM OF THE 6TH |
|
Miami Marlins batting - Pitching for Washington Nationals : RHP Seth Bowersox
|
|
Batting: RHB Mike Gar
|
0-0: Foul Ball, location: 2F 0-1: Ball 1-1: Swinging Strike 1-2: Ball 2-2: Foul Ball, location: 2F 2-2: Foul Ball, location: 2F 2-2: Strikes out looking
|
|
Batting: RHB Alberto Cotto
|
0-0: Hit by Pitch
|
|
Batting: SHB Jordan Barragan
|
0-0: Ball 1-0: Ball 2-0: Called Strike 2-1: Ball 3-1: Base on Balls Alberto Cotto to second
|
|
Batting: RHB Roger Salazar
|
0-0: Ball 1-0: Swinging Strike 1-1: Called Strike 1-2: Strikes out swinging
|
|
Batting: RHB Bert Clark
|
0-0: Called Strike 0-1: Ball 1-1: Foul Ball, location: 2F 1-2: SINGLE (Line Drive, 6M, EV 96.9 MPH) Alberto Cotto to third Jordan Barragan to second
|
|
Batting: LHB Andre Gorter
|
0-0: Called Strike 0-1: Swinging Strike 0-2: Strikes out looking
|
| Bottom of the 6th over - 0 runs, 1 hit, 0 errors, 3 left on base; Washington 5 - Miami 6 |
| TOP OF THE 7TH |
|
Washington Nationals batting - Pitching for Miami Marlins : RHP Pharamond Lestrange
|
|
Batting: RHB Darren McCarty Jr.
|
0-0: Called Strike 0-1: Called Strike 0-2: Foul Ball, location: 2F 0-2: Strikes out swinging
|
|
Batting: LHB Bob Melley
|
0-0: Ball 1-0: Ball 2-0: Called Strike 2-1: Fly out, F7 (Flyball, 7D, EV 87.5 MPH)
|
|
Batting: RHB Tommy Baird
|
0-0: Ball 1-0: Foul Ball, location: 2F 1-1: Foul Ball, location: 2F 1-2: SINGLE (Groundball, 56D, EV 99.4 MPH)
|
|
Batting: RHB Dave Vargas
|
|
|
Batting: LHB Seth Cook
|
0-0: Ball 1-0: Foul Ball, location: 2F 1-1: Swinging Strike 1-2: Ground out 4-3 (Groundball, 4S, EV 72.5 MPH)
|
| Top of the 7th over - 0 runs, 1 hit, 0 errors, 1 left on base; Washington 5 - Miami 6 |
| BOTTOM OF THE 7TH |
|
Miami Marlins batting - Pitching for Washington Nationals : RHP Seth Bowersox
|
|
Pitching: RHP Stacey Kerssies
|
|
|
Batting: RHB Jimmy Groseclose
|
0-0: Ball 1-0: Ball 2-0: Ball 3-0: Base on Balls
|
|
Batting: RHB Matt Thompson
|
0-0: Ball 1-0: Swinging Strike 1-1: Ball 2-1: SINGLE (Line Drive, 89M, EV 100.6 MPH) Jimmy Groseclose to second
|
|
Batting: LHB Jose Bregaro
|
0-0: Ball 1-0: Fly out, F7 (Flyball, 7, EV 73.8 MPH)
|
|
Batting: RHB Mike Gar
|
0-0: Ball 1-0: Called Strike 1-1: Swinging Strike 1-2: Strikes out swinging
|
|
Batting: RHB Alberto Cotto
|
0-0: Called Strike 0-1: Ball 1-1: Foul Ball, location: 2F 1-2: Fly out, F7 (Flyball, 7, EV 83.8 MPH)
|
| Bottom of the 7th over - 0 runs, 1 hit, 0 errors, 2 left on base; Washington 5 - Miami 6 |
| TOP OF THE 8TH |
|
Washington Nationals batting - Pitching for Miami Marlins : RHP Pharamond Lestrange
|
|
Batting: RHB John Sanders
|
0-0: Ball 1-0: SINGLE (Line Drive, 5D, EV 95.0 MPH)
|
|
Batting: RHB Kirk Arp
|
0-0: Ball 1-0: Called Strike 1-1: Swinging Strike 1-2: Ball 2-2: Ball 3-2: Foul Ball, location: 2F 3-2: Base on Balls John Sanders to second
|
|
Batting: LHB Emmanuel Gaskin
|
0-0: Ball 1-0: Ball 2-0: Ball 3-0: Base on Balls John Sanders to third Kirk Arp to second
|
|
Batting: RHB Dan Fallon
|
0-0: Called Strike 0-1: Foul Ball, location: 2F 0-2: Strikes out swinging
|
|
Batting: LHB Kyung-jin Cho
|
0-0: Called Strike 0-1: Foul Ball, location: 2F 0-2: Ball 1-2: Foul Ball, location: 2F 1-2: SINGLE (Groundball, 4M, EV 78.1 MPH) (infield hit) John Sanders scores Kirk Arp to third Emmanuel Gaskin to second
|
|
Pinch Hitting: LHB Griffin Ferris
|
0-0: Called Strike 0-1: Foul Ball, location: 2F 0-2: Strikes out swinging
|
|
Batting: LHB Bob Melley
|
0-0: Ball 1-0: Foul Ball, location: 2F 1-1: Swinging Strike 1-2: Ball 2-2: Ball 3-2: Fly out, F5 (Popup, P, EV 77.5 MPH)
|
| Top of the 8th over - 1 run, 2 hits, 0 errors, 3 left on base; Washington 6 - Miami 6 |
| BOTTOM OF THE 8TH |
|
Miami Marlins batting - Pitching for Washington Nationals : RHP Stacey Kerssies
|
|
Now at 2B: Kirk Arp
|
|
|
Now at 3B: John Sanders
|
|
|
Now at SS: Dylan Novakowski
|
|
|
Batting: SHB Jordan Barragan
|
0-0: Ball 1-0: Ball 2-0: Called Strike 2-1: Foul Ball, location: 2F 2-2: DOUBLE (Flyball, 89D, EV 109.4 MPH)
|
|
Pinch Hitting: LHB Adam Durgin
|
0-0: Intentional Walk
|
|
Batting: RHB Bert Clark
|
0-0: DOUBLE (Line Drive, 7LM, EV 97.5 MPH) Jordan Barragan scores Adam Durgin to third Runner from 3rd tries for Home, SAFE, throw by LF to home
|
|
Batting: LHB Andre Gorter
|
0-0: Intentional Walk
|
|
Batting: RHB Jimmy Groseclose
|
0-0: Ball 1-0: Ball 2-0: Swinging Strike 2-1: Called Strike 2-2: Strikes out swinging
|
|
Batting: RHB Matt Thompson
|
0-0: Swinging Strike 0-1: Ball 1-1: Foul Ball, location: 2F 1-2: Strikes out swinging
|
|
Batting: LHB Jose Bregaro
|
0-0: Called Strike 0-1: Ball 1-1: Ball 2-1: Foul Ball, location: 2F 2-2: Ball 3-2: SINGLE (Line Drive, 56D, EV 96.9 MPH) Bert Clark to third Andre Gorter to second Bert Clark scores Andre Gorter to third
|
|
Batting: RHB Mike Gar
|
0-0: Ball 1-0: Swinging Strike 1-1: Fly out, F3 (Popup, 3SF, EV 69.4 MPH)
|
| Bottom of the 8th over - 3 runs, 3 hits, 0 errors, 2 left on base; Washington 6 - Miami 9 |
| TOP OF THE 9TH |
|
Washington Nationals batting - Pitching for Miami Marlins : RHP Pharamond Lestrange
|
|
Pitching: RHP Kwang-sik Kim
|
|
|
Now at 3B: Steve Barnard
|
|
|
Now at SS: Alberto Cotto
|
|
|
Batting: RHB Tommy Baird
|
0-0: Ground out 6-3 (Groundball, 6, EV 86.9 MPH)
|
|
Batting: LHB Seth Cook
|
0-0: Ball 1-0: Ball 2-0: Ball 3-0: Base on Balls
|
|
Batting: RHB John Sanders
|
0-0: Called Strike 0-1: Ball 1-1: Grounds into double play, 6-4-3 (Groundball, 6, EV 84.4 MPH)
|
| Top of the 9th over - 0 runs, 0 hits, 0 errors, 0 left on base; Washington 6 - Miami 9 |
|